 Dungeon Crawl Stone Soup version 0.16.1-51-g6203257 (webtiles) character file.

99 poirepourri the Skirmisher (level 4, -1/41 HPs)
             Began as a Hill Orc Berserker on Aug 3, 2015.
             Was a Believer of Trog.
             Slain by an orc
             ... wielding a +2 trident of protection
              (4 damage)
             ... on level 3 of the Dungeon.
             The game lasted 00:05:41 (4222 turns).

poirepourri the Skirmisher (Hill Orc Berserker)     Turns: 4222, Time: 00:05:41

Health: -1/41      AC:  4    Str: 20    XL:     4   Next: 72%
Magic:  4/4        EV: 18    Int:  7    God:    Trog [**....]
Gold:   88         SH:  0    Dex: 17    Spells: 0 memorised, 3 levels left

rFire  . . .     SeeInvis .     a - +1 hand axe
rCold  . . .     Clarity  .     b - +1 animal skin
rNeg   . . .     SustAb   .     (no shield)
rPois  .         Gourm    .     (no helmet)
rElec  .         Spirit   .     (no cloak)
rCorr  .         Warding  .     g - +0 pair of gloves
rMut   .         Rnd*Tele +     (no boots)
MR     ++...                    (no amulet)
Stlth  +++.......               (no ring)
                                (no ring)

@: agile, regenerating, very resistant to hostile enchantments, fairly stealthy
A: agile 1, spit poison 1, teleportitis 1
a: Spit Poison, Burn Spellbooks, Berserk, Trog's Hand, Renounce Religion


You were on level 3 of the Dungeon.
You worshipped Trog.
Trog was pleased with you.
You were not hungry.

You visited 1 branch of the dungeon, and saw 3 of its levels.

You collected 88 gold pieces.

Inventory:

Hand weapons
 a - a +1 hand axe (weapon)
Armour
 b - a +1 animal skin (worn)
 f - a +0 chain mail
 g - a +0 pair of gloves (worn)
Scrolls
 d - 3 scrolls of identify
 h - a scroll of fog
Potions
 c - a potion of agility
 e - a potion of invisibility
Comestibles
 i - a bread ration
 k - a meat ration


   Skills:
 * Level 4.9 Fighting
 + Level 4.6 Axes
 + Level 2.1 Armour
 + Level 2.7 Dodging
 + Level 0.3 Stealth


You had 3 spell levels left.
You didn't know any spells.

Dungeon Overview and Level Annotations

Branches:
Dungeon (3/15)

Altars:
Makhleb
Okawaru

Annotations:
D:3 Natasha


Innate Abilities, Weirdness & Mutations

You are agile. (Dex +2)
You can spit poison.
Space occasionally distorts in your vicinity.


Message History

As you read the scroll labeled OSAYM LOINOZIK, it crumbles to dust.
You hear a loud clanging noise!
It was a scroll of noise.
It was a potion of mutation.
You feel extremely strange.
You feel weirdly uncertain.
There is a nasty taste in your mouth for a moment.
You feel agile. The orc barely misses you.
You feel agile all of a sudden. The orc closely misses you.
The orc hits you with a war axe.
* * * LOW HITPOINT WARNING * * *
Use which ability? (? or * to list)
Your skin crawls.
You feel resistant to hostile enchantments.
You feel slightly more hungry. The orc misses you.
The orc hits you with a war axe.
* * * LOW HITPOINT WARNING * * *
You closely miss the orc.
The orc hits you from afar with a trident of protection.
You die...

...# ### .. ......# #.#...#
.......# #.#...##
........##### #.#.....#
.......#...# #.#......
#.........#########...[...#
#..#..........@oo5h.........
#.#_#....<########...####.#
#..#†.....# ###.....#
#....†#..####........#
##.#####.......####h.#
#.###......#### #.5#
#.....#....## ##..
###.........# ..#
####.†...##...# ...


You could see Natasha, a white imp and 2 orcs.

Vanquished Creatures
  2 adders (D:2)
  3 worms (D:2)
  A giant gecko (D:2)
  An ooze (D:2)
  6 bats
  2 giant cockroaches
  6 hobgoblins
  12 kobolds
  A quokka (D:3)
  2 ball pythons
  4 giant newts
  9 goblins
  4 jackals (D:1)
  7 rats
60 creatures vanquished.

Notes
Turn   | Place    | Note
--------------------------------------------------------------
     0 | D:1      | poirepourri, the Hill Orc Berserker, began the quest for the Orb.
     0 | D:1      | Reached XP level 1. HP: 19/19 MP: 1/1
   747 | D:1      | Reached XP level 2. HP: 18/27 MP: 2/2
  1472 | D:1      | Acquired Trog's second power
  1472 | D:1      | Reached XP level 3. HP: 20/34 MP: 3/3
  2658 | D:2      | Reached XP level 4. HP: 21/41 MP: 4/4
  3105 | D:2      | Found a burning altar of Makhleb.
  4180 | D:3      | Found an iron altar of Okawaru.
  4208 | D:3      | Noticed Natasha
  4219 | D:3      | Gained mutation: Space occasionally distorts in your vicinity. [potion of mutation]
  4219 | D:3      | Gained mutation: You can spit poison. [potion of mutation]
  4219 | D:3      | Gained mutation: You are agile. (Dex +2) [potion of mutation]
  4221 | D:3      | HP: 2/41 [orc/war axe (2)]
  4222 | D:3      | Slain by an orc

Action                   |  1- 3 |  4- 6 || total
-------------------------+-------+-------++-------
Melee: Hand axe          |   159 |    59 ||   218
Invok: Trog's Hand       |       |     1 ||     1
  Use: Potion            |     4 |     3 ||     7
       Scroll            |     6 |     2 ||     8
  Eat: Meat ration       |     2 |       ||     2
       Bread ration      |       |     1 ||     1
